 Dungeon Crawl Stone Soup version 0.28-a0-1002-gf00fe891ef (webtiles) character file.

Game seed: 3694352823203322522

2412 ytrimaz the Insei (level 9, -7/63 (70) HPs)
             Began as an Octopode Transmuter on Dec 7, 2021.
             Was an Elder of Yredelemnul.
             Killed from afar by Maggie (18 damage)
             ... with a bolt of fire
             ... on level 7 of the Dungeon.
             The game lasted 00:11:07 (5921 turns).

ytrimaz the Insei (Octopode Transmuter)             Turns: 5921, Time: 00:11:09

HP:   -7/63 (70)    AC:  7    Str: 15    XL:     9   Next: 47%
MP:   13/18         EV: 10    Int: 20    God:    Yredelemnul [****..]
Gold: 406           SH:  0    Dex: 12    Spells: 12/20 levels left

rFire   x . .      SeeInvis +     - Unarmed
rCold   + + +      Faith    .   (shield currently unavailable)
rNeg    . . .      Spirit   .   (helmet currently unavailable)
rPois   +          Reflect  .   b - amulet of regeneration
rElec   .          Harm     .   a - ring of see invisible
rCorr   .          Rampage  .   g - +6 ring of strength
Will    .....                   m - +4 ring of slaying
Stlth   +.........              (no ring)
HPRegen 1.00/turn               (no ring)
MPRegen 0.16/turn               (no ring)
                                (no ring)
                                (no ring)

@: ice-form, very slightly contaminated, heavily drained
A: freezing attack, boosted hp, almost no armour, amphibious, 8 rings, large,
(camouflage 1), (gelatinous body 1), (nimble swimmer 1), (tentacles)
a: End Transformation, Renounce Religion, Recall Undead Slaves, Injury Mirror,
Animate Dead, Drain Life


You were on level 7 of the Dungeon.
You worshipped Yredelemnul.
Yredelemnul was greatly pleased with you.
You were a creature of crystalline ice.
You visited 1 branch of the dungeon, and saw 7 of its levels.
You also visited: Sewer.

You collected 406 gold pieces.

Inventory:

Jewellery
 a - a ring of see invisible (left front paw)
 b - an amulet of regeneration (around neck)
 d - an amulet of guardian spirit
 g - a +6 ring of strength (right front paw)
 m - a +4 ring of slaying (on tentacle)
Wands
 e - a wand of polymorph (12)
 v - a wand of iceblast (11)
Scrolls
 c - a scroll of silence
 i - 2 scrolls of amnesia
 o - a scroll of fog
 p - 3 scrolls of teleportation
 r - a scroll of fear
 s - a scroll of noise
Potions
 f - 5 potions of heal wounds
 h - 2 potions of curing
 j - a potion of lignification {unknown}
 k - a potion of resistance
 l - a potion of magic {unknown}
 n - a potion of ambrosia
 q - a potion of attraction
 t - a potion of cancellation {unknown}
 u - 2 potions of flight


   Skills:
 * Level 4.6 Fighting
 - Level 2.0 Dodging
 + Level 7.8 Unarmed Combat
 * Level 6.1 Spellcasting
 * Level 5.9 Transmutations
 - Level 0.7 Poison Magic
 * Level 2.9 Invocations


You had 12 spell levels left.
You knew the following spells:

 Your Spells              Type           Power      Damage    Failure   Level
a - Beastly Appendage     Tmut           58%        N/A       1%          1
b - Spider Form           Tmut/Pois      19%        N/A       8%          3
c - Ice Form              Ice/Tmut       18%        N/A       30%         4

Your spell library contained the following spells:

 Spells                   Type           Power      Damage    Failure   Level
 Wereblood                Tmut           29%        N/A       1%          2
 Blink                    Tloc           12%        N/A       16%         2
 Corpse Rot               Necr/Air       12%        N/A       16%         2
 Scorch                   Fire           12%        2d5       16%         2
 Dazzling Flash           Conj/Hex       12%        N/A       30%         3
 Dispel Undead            Necr           6%         3d8       71%         4
 Flame Wave               Conj/Fire      6%         2d4       71%         4
 Agony                    Necr           6%         N/A       96%         5
 Manifold Assault         Tloc           6%         N/A       96%         5
 Silence                  Hex/Air        3%         N/A       96%         5
 Death Channel            Necr           3%         N/A       100%        6
 Summon Cactus Giant      Summ           3%         N/A       100%        6
 Storm Form               Tmut/Air       9%         N/A       100%        7


Dungeon Overview and Level Annotations

Branches:
Dungeon (7/15)             Temple (0/1) D:7           Sewer (visited)

Altars:
Ashenzari
Fedhas
Gozag
Hepliaklqana
Ru
Sif Muna
Trog
Uskayaw
Yredelemnul
The Shining One

Shops:
D:4 *   D:6 ?(   D:7 =

Annotations:
D:7 Maggie


Innate Abilities, Weirdness & Mutations

You are a creature of crystalline ice.
You have a powerful freezing melee attack.
Your maximum health is increased.
Your armour is entirely melded.
You are incapable of wielding weapons or throwing items.
You cannot wear most types of armour.
You are amphibious.
You can wear up to eight rings at the same time.
((Your skin changes colour to match your surroundings (Stealth+).))
((Your rubbery body absorbs attacks. (AC +1, EV +1)))
((You are camouflaged near water. (Stealth+)))
((You have tentacles for arms and can constrict up to eight enemies at once.))


Message History

Your wight closely misses the wight.
Unknown command.
Something hits the wight.
Unknown command.
The wight closely misses you.
Maggie mumbles some strange words.
Maggie attempts to bespell you!
You are mesmerised by Maggie!
You cannot move away from Maggie!
You cannot move away from Maggie!
Unknown command.
Unknown command.
You cannot move away from Maggie!
You cannot move away from Maggie!
Unknown command.
You cannot move away from Maggie!
Unknown command.
You punch the wight! You freeze the wight.
The wight is almost destroyed.
You are no longer entranced.
The wight hits you with a +1 flail!
* * * LOW HITPOINT WARNING * * *
You feel drained.
Unknown command.
You punch the wight!
You destroy the wight!
Yredelemnul accepts your kill.
Your flying skull hits something but does no damage.
Something misses your flying skull.
Unknown command.
Unknown command.
Your flying skull hits something.
Your flying skull hits something!
Your flying skull barely misses Maggie.
Your flying skull hits Maggie!
Unknown command.
Your flying skull barely misses Maggie.
Your flying skull hits Maggie.
Maggie casts a spell at you. The bolt of fire hits your wight!
The bolt of fire hits you!! The fire burns you terribly!
You die...
Your body rises from the dead as a mindless zombie.

##†## #.# ##...##
#.#### ##.....#
#.##.## ##.......
.###.#../####........
............'........
#####.#...####........
#........## ##.......
.###Y##.# ##...<.#
#.##z# ##...## #z##z#
##'### #).#z# #....
####@#>#### #.###
#...zz....# ##.###
#.##.#..#..####...#.
[.......###..........
###.##.... ..####...##


You could see Maggie (ally target), 2 friendly flying skulls and a friendly
wight.

Vanquished Creatures
  Grinder (D:3)
  A water moccasin (D:6)
  A black bear (D:5)
  A necrophage (D:6)
  2 ogres (D:5)
  A kobold brigand (Sewer)
  2 bullfrogs
  A scorpion (D:5)
  4 wights (D:7)
  A howler monkey (D:6)
  A bullfrog zombie (D:5)
  2 centaur zombies
  6 hounds
  A jelly (D:7)
  A gnoll shaman (D:5)
  4 orc priests
  2 iguanas (D:4)
  6 orc wizards
  Natasha (thrice) (D:4)
  11 gnolls
  8 adders
  A river rat (Sewer)
  A shadow imp (D:5)
  An adder zombie (D:5)
  3 worms
  A dart slug (D:4)
  17 orcs
  7 ball pythons
  A bat (D:1)
  7 endoplasms
  4 giant cockroaches
  11 goblins
  9 hobgoblins
  15 jackals
  19 kobolds
  2 quokkas
  2 frilled lizards (D:3)
  9 rats
170 creatures vanquished.

Vanquished Creatures (collateral kills)
  An ice beast (D:6)
  A scorpion (D:6)
  2 wights (D:7)
  A hound (D:5)
  A jelly (D:7)
  An orc wizard (D:7)
  A killer bee zombie (D:6)
  3 adders (D:6)
  An orc (D:5)
  3 goblins (D:5)
  A hobgoblin (D:5)
  2 jackals (D:5)
  3 kobolds (D:5)
21 creatures vanquished.

Vanquished Creatures (others)
  A black bear zombie (D:5)
  A plant (D:3)
2 creatures vanquished.

Grand Total: 193 creatures vanquished

Notes
Turn   | Place    | Note
-------+----------+-------------------------------------------
     0 | D:1      | ytrimaz the Octopode Transmuter began the quest for the
                  | Orb.
     0 | D:1      | Reached XP level 1. HP: 13/13 MP: 3/3
   244 | D:1      | Reached XP level 2. HP: 18/18 MP: 3/5
   660 | D:1      | Reached XP level 3. HP: 23/23 MP: 4/6
  1082 | D:2      | Learned a level 3 spell: Spider Form
  1219 | D:2      | Found a faded altar of an unknown god.
  1237 | D:2      | Prayed at the altar of an unknown god.
  1237 | D:2      | Became a worshipper of Yredelemnul the Dark
  1237 | D:2      | Reached * piety under Yredelemnul
  1275 | D:2      | Reached XP level 4. HP: 28/28 MP: 4/7
  1618 | D:3      | Reached ** piety under Yredelemnul
  1624 | D:3      | Noticed Grinder
  1640 | D:3      | Paralysed by Grinder for 3 turns
  1663 | D:3      | Killed Grinder
  1664 | D:3      | Reached skill level 4 in Unarmed Combat
  1664 | D:3      | Reached XP level 5. HP: 18/35 MP: 1/10
  1664 | D:3      | Reached XP level 6. HP: 22/41 MP: 1/11
  1838 | D:3      | Found a glowing golden altar of the Shining One.
  1980 | D:3      | Found a broken altar of Ashenzari.
  2255 | D:3      | Found a hide-covered altar of Uskayaw.
  2515 | D:4      | Reached skill level 5 in Unarmed Combat
  2549 | D:4      | Reached XP level 7. HP: 30/45 MP: 12/12
  2736 | D:4      | Noticed Natasha
  2743 | D:4      | Killed Natasha
  2800 | D:4      | Learned a level 4 spell: Ice Form
  2996 | D:4      | Found Mujaddy's General Store.
  3025 | D:4      | Found a shimmering blue altar of Sif Muna.
  3333 | D:4      | Noticed Natasha
  3337 | D:4      | Killed Natasha
  3361 | D:4      | Noticed Natasha
  3366 | D:4      | Killed Natasha
  3495 | D:5      | Entered Level 5 of the Dungeon
  3507 | D:5      | Reached *** piety under Yredelemnul
  3666 | D:5      | Reached XP level 8. HP: 41/52 MP: 11/14
  3784 | D:5      | Found a sacrificial altar of Ru.
  3784 | D:5      | Found a basalt altar of Yredelemnul.
  3785 | D:5      | Found a hazy altar of Hepliaklqana.
  3827 | D:5      | Reached skill level 6 in Unarmed Combat
  3977 | D:5      | Received a gift from Yredelemnul (a mummy)
  4022 | D:5      | Identified the +4 ring mail "Nemnuck" {rElec rCorr Str-5
                  | SInv}
  4033 | D:5      | Reached skill level 5 in Spellcasting
  4033 | D:5      | Reached skill level 5 in Transmutations
  4164 | D:5      | Received a gift from Yredelemnul (a wight)
  4294 | D:5      | Reached skill level 1 in Invocations
  4568 | D:5      | Found a blossoming altar of Fedhas.
  4792 | D:6      | Found a bloodstained altar of Trog.
  4815 | D:6      | Found an opulent altar of Gozag.
  4846 | D:6      | Found Licvet's Antique Weapon Emporium.
  4974 | D:6      | Reached skill level 7 in Unarmed Combat
  5014 | D:6      | Found a glowing drain.
  5023 | D:6      | Reached XP level 9. HP: 58/58 MP: 17/17
  5040 | D:6      | Reached **** piety under Yredelemnul
  5048 | Sewer    | Entered a sewer
  5209 | Sewer    | Found a white marble altar of Elyvilon.
  5332 | D:6      | Found Deibuylopp's Magic Scroll Emporium.
  5529 | D:7      | Found Zeazi's Jewellery Shop.
  5677 | D:7      | Found a staircase to the Ecumenical Temple.
  5903 | D:7      | Received a gift from Yredelemnul (3 flying skulls)
  5913 | D:7      | Noticed Maggie
  5921 | D:7      | Killed from afar by Maggie

Illustrated notes

Levels and vault maps discovered:
D:1:      nzn_arrival_crosshair, layout_loops_ring,
          chequers_serial_rivers_micro_d
D:2:      layout_basic, hellmonk_ecumenical_altar_blasted
D:3:      layout_basic, nicolae_ashenzari_skybound,
          mainiacjoe_overflow_tiny_flanked, mainiacjoe_overflow_boulevard,
          uniq_grinder
D:4:      layout_basic, mainiacjoe_overflow_brackets, serial_shops, shop,
          minivault_23, minmay_increasing_density, uniq_natasha
D:5:      corexii_shantytown, layout_basic, mainiacjoe_overflow_catwalk,
          gammafunk_temple_overflow_claw
D:6:      layout_rooms, general_overflow_altar, bloody_trog,
          gup_sewer_entry_glass, serial_shops, shop, shop_statue,
          minmay_misc_feat_rugged
D:7:      layout_loops_corners, marbit_many_paths, temple_doors_ab,
          serial_shops, nicolae_stop_n_shop_2, uniq_maggie

Skill      XL: |  1  2  3  4  5  6  7  8  9 |
---------------+----------------------------+-----
Fighting       | 2 3 4 |  4.6
Unarmed Combat | 4 5 7 |  7.8
Spellcasting   | 3 4 5 6 |  6.1
Transmutations | 3 4 5 |  5.9
Invocations    | 1 2 |  2.9
Dodging        | |  2.0
Poison Magic   | |  0.7

Action                   |  1- 3 |  4- 6 |  7- 9 || total
-------------------------+-------+-------+-------++-------
Melee: Unarmed           |    86 |    90 |   212 ||   388
       Tentacles         |    18 |    11 |    17 ||    46
       Constrict         |    24 |    16 |    20 ||    60
       Kick              |     5 |     7 |    10 ||    22
       Punch             |     2 |     4 |     3 ||     9
 Cast: Beastly Appendage |    14 |     9 |    27 ||    50
       Spider Form       |     1 |     5 |    15 ||    21
       Ice Form          |       |       |     2 ||     2
Invok: Animate Dead      |       |       |     1 ||     1
  Use: Scroll            |     4 |     3 |     8 ||    15
 Stab: Sleeping          |     4 |     2 |     6 ||    12
       Distracted        |       |     1 |     1 ||     2
Armor: Skin              |     8 |     3 |    18 ||    29
Dodge: Dodged            |    68 |    73 |   192 ||   333

Table legend: (Time is in decaauts)
 A = Elapsed time spent in this place.
 B = Non-inter-level travel time spent in this place.
 C = Inter-level travel time spent in this place.
 D = Time resting spent in this place.
 E = Time spent auto-exploring this place.
 F = Levels seen in this place.
 G = Mean time per level.
                   A        B        C        D        E       F      G
               +--------+--------+--------+--------+--------+-----+--------+
         Total |   5883 |   5679 |    204 |    212 |   3994 |   8 |  735.4 |
       Dungeon |   5688 |   5484 |    204 |    212 |   3879 |   7 |  812.6 |
         Sewer |    194 |    194 |      0 |      0 |    115 |   1 |  194.0 |
               +--------+--------+--------+--------+--------+-----+--------+

Top non-repeatable levels by time:
     D:4: 1270 daAuts
     D:5: 1148 daAuts
     D:1: 943 daAuts
     D:3: 873 daAuts
     D:6: 538 daAuts
     D:2: 527 daAuts
     D:7: 387 daAuts
   Sewer: 194 daAuts
